 Dungeon Crawl Stone Soup version 0.22-a0-779-g6f83d72c62 (webtiles) character file.

70 Htamos the Chopper (level 4, -2/37 HPs)
             Began as a Formicid Monk on July 19, 2018.
             Slain by a bullfrog (5 damage)
             ... on level 5 of the Dungeon.
             The game lasted 00:07:23 (2778 turns).

Htamos the Chopper (Formicid Monk)                  Turns: 2778, Time: 00:07:23

Health: -2/37      AC:  8    Str: 16    XL:     4   Next: 44%
Magic:  4/4        EV:  7    Int:  9    God:
Gold:   56         SH:  0    Dex: 14    Spells: 3/3 levels left

rFire    . . .     SeeInvis +   a - +0 hand axe
rCold    . . .     Gourm    .   (no shield)
rNeg     . . .     Faith    .   k - +0 chain mail
rPois    .         Spirit   .   (helmet unavailable)
rElec    .         Reflect  .   (no cloak)
rCorr    .         Harm     .   (no gloves)
MR       .....                  (no boots)
Stlth    ..........             (no amulet)
HPRegen  0.12/turn              (no ring)
MPRegen  0.09/turn              (no ring)

@: lethally poisoned (-2 -> -5)
A: permanent stasis, dig shafts and tunnels, four strong arms, antennae 3
a: Dig, Shaft Self


You were on level 5 of the Dungeon.
You were very hungry.

You visited 1 branch of the dungeon, and saw 6 of its levels.

You collected 56 gold pieces.

Inventory:

Hand Weapons
 a - a +0 hand axe (weapon)
Armour
 b - a +0 robe
 k - a +0 chain mail (worn)
Scrolls
 d - a scroll of fear {unknown}
 e - a scroll of identify {unknown}
 f - a scroll of noise {unknown}
Potions
 g - a potion of brilliance {unknown}
 i - a potion of haste {unknown}
 j - a potion of curing {unknown}
Comestibles
 c - 5 rations


   Skills:
 + Level 4.0 Fighting
 * Level 4.2 Axes
 + Level 0.5 Armour
 + Level 2.8 Dodging
 - Level 2.4 Stealth


You had 3 spell levels left.
You didn't know any spells.
Your spell library was empty.

Dungeon Overview and Level Annotations

Branches:
Dungeon (7/15)
 Temple: D:4-7

Altars:
Elyvilon
Sif Muna

Annotations:
D:6 Grinder


Innate Abilities, Weirdness & Mutations

You cannot be hasted, slowed, berserked, paralysed or teleported.
You can dig through walls and to a lower floor.
Your four strong arms can wield two-handed weapons with a shield.
You have a pair of large antennae on your head. (SInv)


Message History

* * * LOW HITPOINT WARNING * * *
The adder barely misses you. The bullfrog hits you.
* * * LOW HITPOINT WARNING * * *
You closely miss the adder.
The adder is heavily wounded.
You hit the bullfrog.
You feel sick. The adder bites you.
* * * LOW HITPOINT WARNING * * *
The bullfrog hits you but does no damage.
The adder bites you but does no damage.
You hit the adder.
The adder is heavily wounded.
You closely miss the bullfrog. The bullfrog barely misses you.
The adder barely misses you.
The bullfrog hits you but does no damage.
You hit the adder.
You kill the adder!
You barely miss the bullfrog.
* * * LOW HITPOINT WARNING * * *
You feel sick. The bullfrog hits you.
You die...

##### .... #..#
#######..#
.........#####.
#@F......
#+######. { {


You could see a bullfrog.

Vanquished Creatures
  2 adders
  2 dart slugs (D:1)
  A leopard gecko (D:2)
  5 bats (D:1)
  5 hobgoblins
  4 jackals (D:1)
  A quokka (D:4)
  3 ball pythons (D:1)
  A frilled lizard (D:1)
  9 goblins (D:1)
  2 hobgoblin zombies (D:6)
  5 kobolds
  An orc zombie (D:6)
  4 rats (D:1)
45 creatures vanquished.

Vanquished Creatures (others)
  A quokka (D:2)
  A rat (D:2)
2 creatures vanquished.

Grand Total: 47 creatures vanquished

Notes
Turn   | Place    | Note
-------+----------+-------------------------------------------
     0 | D:1      | Htamos the Formicid Monk began the quest for the Orb.
     0 | D:1      | Reached XP level 1. HP: 18/18 MP: 1/1
   394 | D:1      | Reached XP level 2. HP: 24/24 MP: 2/2
   652 | D:1      | Reached XP level 3. HP: 22/30 MP: 3/3
  1859 | D:2      | Found a deep blue altar of Sif Muna.
  1913 | D:2      | Found a white marble altar of Elyvilon.
  2451 | D:2      | You fall through a shaft for 2 floors!
  2466 | D:4      | Reached XP level 4. HP: 9/37 MP: 4/4
  2481 | D:4      | Noticed an ogre
  2510 | D:4      | You fall through a shaft for 3 floors!
  2670 | D:6      | Noticed an orc warrior
  2680 | D:6      | Noticed Grinder
  2732 | D:6      | Noticed a bullfrog
  2761 | D:5      | Entered Level 5 of the Dungeon
  2778 | D:5      | Slain by a bullfrog

Vault maps used:
D:1:      dpeg_arrival_circle_labyrinth_c
D:2:      lemuel_crystal_altar, okawaru_trees_2, tgw_xom, elyvilon_altar_4
D:4:      chequers_temple_overflow_minitemple, roderic_serpentine_path,
          minmay_misc_feat_roman, nicolae_dithmenos_shadow_blocks
D:5:      kennysheep_mini, grunt_qazlal_clouds,
          gammafunk_temple_overflow_elements, temple_hall, first_ration,
          minmay_misc_feat_plants, minmay_guarded_unrand_vampires_tooth
D:6:      minmay_mini_ossuary, uniq_grinder
D:7:      marbit_many_paths

Skill      XL: |  1  2  3  4 |
---------------+-------------+-----
Axes           | 4 |  4.2
Fighting       | 4 |  4.0
Armour         | |  0.5
Dodging        | |  2.8
Stealth        | |  2.4

Action                   |  1- 3 |  4- 6 || total
-------------------------+-------+-------++-------
Melee: Hand axe          |   132 |    18 ||   150
 Abil: Shaft Self        |     1 |     1 ||     2
       Dig               |       |     2 ||     2
  Use: Potion            |       |     2 ||     2
 Stab: Sleeping          |     1 |       ||     1
  Eat: Chunk             |     5 |     1 ||     6
Armor: Robe              |    18 |       ||    18
       Chain mail        |    12 |    26 ||    38
Dodge: Dodged            |    81 |    22 ||   103

Table legend:
 A = Spawn XP
 B = Non-spawn XP
 C = Spawn XP percentage of total XP
 D = Spawn monster count
 E = Non-spawn monster count
 F = Spawn count percentage of total count
 G = Total turns spent on level
                    A         B        C        D         E        F      G
               +---------+---------+-------+---------+---------+-------+---------
         Total |       0 |     100 |   0.0 |       0 |      45 |   0.0 |  2778
               +---------+---------+-------+---------+---------+-------+---------
           D:1 |       0 |      60 |   0.0 |       0 |      35 |   0.0 |  2041
           D:2 |       0 |       8 |   0.0 |       0 |       4 |   0.0 |   410
           D:4 |       0 |      15 |   0.0 |       0 |       2 |   0.0 |    59
           D:5 |       0 |      14 |   0.0 |       0 |       1 |   0.0 |    17
           D:6 |       0 |       3 |   0.0 |       0 |       3 |   0.0 |   113
               +---------+---------+-------+---------+---------+-------+---------
